 Dungeon Crawl Stone Soup version 0.29.0-4-gdea44cf6ec (webtiles) character file.

Game seed: 2752364845332125627

177 qw the Chopper (level 5, -1/30 HPs)
             Began as a Tengu Warper on Aug 28, 2022.
             Slain by an orc
             ... wielding a +0 flail
              (7 damage)
             ... on level 3 of the Dungeon.
             The game lasted 00:00:16 (3200 turns).

qw the Chopper (Tengu Warper)                       Turns: 3200, Time: 00:00:17

Health: -1/30      AC:  3    Str: 13    XL:     5   Next: 57%
Magic:  9/9        EV: 16    Int: 13    God:
Gold:   229        SH:  8    Dex: 14    Spells: 8/8 levels left

rFire   . . .      SeeInvis .   Y - +0 hand axe
rCold   . . .      Faith    .   c - +0 kite shield
rNeg    . . .      Spirit   .   b - +0 leather armour
rPois   .          Reflect  .   (helmet restricted)
rElec   .          Harm     .   (no cloak)
rCorr   .          Rampage  .   (no gloves)
Will    .....                   (boots unavailable)
Stlth   +.........              (no amulet)
HPRegen 0.10/turn               e - +4 ring of evasion
MPRegen 0.11/turn               (no ring)

@: flying quickly and evasively, quick
A: beak, talons 3, nimble flight
a: no special abilities


You were on level 3 of the Dungeon.
You visited 1 branch of the dungeon, and saw 3 of its levels.

You collected 229 gold pieces.


Innate Abilities, Weirdness & Mutations

You have a beak for a mouth.
You have claws for feet.
Your magical nature lets you fly swiftly and evasively.


   Skills:
 - Level 2.0 Fighting
 + Level 5.0 Axes
 - Level 1.0 Throwing
 - Level 1.1 Armour
 - Level 2.1 Dodging
 - Level 3.0 Shields
 - Level 2.0 Spellcasting
 - Level 2.4 Translocations


You had 8 spell levels left.
You didn't know any spells.
Your spell library contained the following spells:

 Spells                   Type           Power      Damage    Failure   Level
 Blink                    Tloc           14%        N/A       52%         2
 Gell's Gravitas          Tloc           7%         N/A       75%         3
 Lesser Beckoning         Tloc           7%         N/A       75%         3
 Teleport Other           Tloc           7%         N/A       75%         3
 Manifold Assault         Tloc           7%         N/A       100%        5

Inventory:

Hand Weapons
 h - a +0 flail
 Y - a +0 hand axe (weapon)
Armour
 b - a +0 leather armour (worn)
 c - a +0 kite shield (worn)
 k - the +0 robe of Perpetual Drought {Regen+}
   (You found it on level 3 of the Dungeon)

   Regen:     It increases your rate of health regeneration.
Jewellery
 e - a +4 ring of evasion (left hand)
Scrolls
 d - a scroll of identify
 i - a scroll of noise {unknown}
Potions
 a - a potion of degeneration {unknown}
 f - a potion of magic {unknown}
 g - a potion of haste {unknown}
 j - a potion of curing {unknown}
 l - a potion of berserk rage {unknown}

Dungeon Overview and Level Annotations

Branches:
Dungeon (3/15)

Altars:


Message History

You block the orc's attack.
The orc priest calls down the wrath of Beogh upon you.
Pain shoots through your body!
You completely miss the orc priest.
The orc priest is almost dead.
You hit the orc. The orc completely misses you. The orc priest misses you.
You barely miss the orc priest.
The orc priest is almost dead.
You barely miss the orc. You block the orc's attack.
You block the orc priest's attack.
You closely miss the orc priest. Your kick misses the orc priest.
The orc priest is almost dead.
You hit the orc but do no damage. The orc misses you.
The orc priest hits you but does no damage.
The orc hits you with a +0 flail. The orc priest misses you.
You hit the orc priest.
You kill the orc priest!
You hit the orc. You block the orc's attack.
Your Axes skill increases to level 5!
You hit the orc but do no damage.
The orc is heavily wounded.
You hit the orc. You block the orc's attack.
The orc hits you but does no damage.
An orc comes into view. It is wielding a +0 flail.
You closely miss the orc. You peck the orc, but do no damage.
The orc is heavily wounded.
You hit the orc. The orc misses you. You block the orc's attack.
You hit the orc.
You kill the orc!
You hit the orc but do no damage.
The orc misses you. x2; The orc hits you with a +0 flail.
You closely miss the orc. Your peck misses the orc.
The orc is heavily wounded.
You barely miss the orc. The orc hits you with a +0 flail!
You die...

#.# #.#.# #..# #.#.#####.
#.###.#.###..###.#.# ##
#.....#..........#.# #
#..................# ##
##.####............#####.
#.# ##.###.####<.......
#.# #.# #.# ########. #.#
#.# #.# #. #.# #@# #.# #.
#......oo....!# #.
#######.##.##.# #. #.# #
#. #.# #. #.# #.# #.#


You could see 2 orcs.

Vanquished Creatures
  An orc priest (D:3)
  Jessica (D:2)
  4 adders
  3 gnolls (D:3)
  2 dart slugs
  2 orcs (D:3)
  9 ball pythons
  4 endoplasms
  7 hobgoblins
  4 jackals (D:2)
  4 kobolds
  3 bats
  A frilled lizard (D:1)
  3 goblins
  5 rats
  A spectral goblin (D:3)
54 creatures vanquished.

Vanquished Creatures (others)
  2 plants (D:2)
2 creatures vanquished.

Grand Total: 56 creatures vanquished

Notes
Turn   | Place    | Note
-------+----------+-------------------------------------------
     0 | D:1      | qw the Tengu Warper began the quest for the Orb.
     0 | D:1      | Reached XP level 1. HP: 12/12 MP: 4/4
     0 | D:1      | 0 ||| qw: Version: 0.1-a-89-g26bdef1
     0 | D:1      | 0 ||| qw: Game counter: 2855
     0 | D:1      | 0 ||| qw: Always use a shield: true
     0 | D:1      | 0 ||| qw: God list: Okawaru
     0 | D:1      | 0 ||| qw: Allow faded altars: false
     0 | D:1      | 0 ||| qw: Do Orc after D:15 true
     0 | D:1      | 0 ||| qw: Do second Lair branch before Depths: true
     0 | D:1      | 0 ||| qw: Lair rune preference: random
     0 | D:1      | 0 ||| qw: Plans: Normal
     0 | D:1      | 0 ||| PLANNING D:1-11
    86 | D:1      | 86 ||| Stepping ~*~*~tactically~*~*~ (stealth).
   124 | D:1      | Reached XP level 2. HP: 17/17 MP: 6/6
   158 | D:1      | Reached skill level 3 in Axes
   350 | D:1      | 350 ||| DROPPING scroll of blinking.
   351 | D:1      | 351 ||| Stepping randomly (stuck).
   353 | D:1      | 353 ||| Stepping randomly (stuck).
   685 | D:1      | 685 ||| UPGRADING to +0 kite shield.
   690 | D:1      | 690 ||| READING scroll labelled FEPOIFREMA.
   724 | D:2      | Noticed Jessica
   730 | D:2      | Killed Jessica
   731 | D:2      | Reached skill level 1 in Shields
   731 | D:2      | Reached XP level 3. HP: 19/21 MP: 7/7
   740 | D:2      | 740 ||| Stepping ~*~*~tactically~*~*~ (stealth).
  1010 | D:2      | Reached skill level 4 in Axes
  1010 | D:2      | Reached XP level 4. HP: 18/26 MP: 8/8
  1203 | D:2      | 1203 ||| DROPPING +0 whip.
  1533 | D:2      | 1533 ||| Stepping ~*~*~tactically~*~*~ (hiding).
  1635 | D:2      | 1635 ||| Stepping ~*~*~tactically~*~*~ (hiding).
  1828 | D:2      | 1828 ||| DROPPING +3 mace.
  1829 | D:2      | 1829 ||| UPGRADING to +4 ring of evasion.
  1830 | D:2      | 1830 ||| READING 2 scrolls labelled ZOM DEUPINWOACH.
  1831 | D:2      | 1831 ||| READING scroll labelled DUENNO YCUZOD.
  1970 | D:3      | 1970 ||| Stepping ~*~*~tactically~*~*~ (stealth).
  1971 | D:3      | 1971 ||| Stepping ~*~*~tactically~*~*~ (stealth).
  1973 | D:3      | 1973 ||| Stepping ~*~*~tactically~*~*~ (stealth).
  1978 | D:3      | 1978 ||| Stepping ~*~*~tactically~*~*~ (stealth).
  1979 | D:3      | 1979 ||| Stepping ~*~*~tactically~*~*~ (stealth).
  1980 | D:3      | 1980 ||| Stepping ~*~*~tactically~*~*~ (stealth).
  2006 | D:3      | 2006 ||| Stepping ~*~*~tactically~*~*~ (stealth).
  2057 | D:3      | Reached skill level 3 in Shields
  2283 | D:3      | 2283 ||| Stepping ~*~*~tactically~*~*~ (stealth).
  2300 | D:3      | Found a faded altar of an unknown god.
  2301 | D:3      | 2301 ||| Stepping ~*~*~tactically~*~*~ (water).
  2309 | D:3      | 2309 ||| Stepping ~*~*~tactically~*~*~ (water).
  2315 | D:3      | Gained mutation: Your magical nature lets you fly swiftly
                  | and evasively. [Tengu growth]
  2315 | D:3      | Reached XP level 5. HP: 8/30 MP: 9/9
  2575 | D:3      | 2575 ||| Stepping ~*~*~tactically~*~*~ (stealth).
  2577 | D:3      | 2577 ||| Stepping ~*~*~tactically~*~*~ (stealth).
  2589 | D:3      | 2589 ||| Stepping ~*~*~tactically~*~*~ (stealth).
  2748 | D:3      | Identified the +0 robe of Perpetual Drought {Regen+}
  2874 | D:3      | 2874 ||| Stepping ~*~*~tactically~*~*~ (hiding).
  2976 | D:3      | 2976 ||| Stepping ~*~*~tactically~*~*~ (hiding).
  3078 | D:3      | 3078 ||| Stepping ~*~*~tactically~*~*~ (hiding).
  3180 | D:3      | 3180 ||| Stepping ~*~*~tactically~*~*~ (hiding).
  3197 | D:3      | Reached skill level 5 in Axes
  3199 | D:3      | HP: 6/30 [orc/+0 flail (4)]
  3200 | D:3      | Slain by an orc

Levels and vault maps discovered:
D:1:      saegor_arrival_miasma, layout_loops_cross, serial_glass,
          glass_columns_a, glass_columns_a, glass_columns_b, glass_columns_a
D:2:      layout_rooms, chequers_big_river, uniq_jessica
D:3:      layout_loops_ring, dreamdust_ecumenical_altar_drowned_temple,
          eino_curves_02, kennysheep_generic_room_8

Skill      XL: |  1  2  3  4  5 |
---------------+----------------+-----
Axes           | 3 4 5 |  5.0
Shields        | 1 2 3 |  3.0
Fighting       | |  2.0
Throwing       | |  1.0
Armour         | |  1.1
Dodging        | |  2.1
Spellcasting   | |  2.0
Translocations | |  2.4

Action                   |  1- 3 |  4- 6 || total
-------------------------+-------+-------++-------
Melee: Hand axe          |    44 |    92 ||   136
       Kick              |    14 |    21 ||    35
       Peck              |     8 |    16 ||    24
Throw: Boomerang         |     7 |       ||     7
  Use: Scroll            |     1 |     2 ||     3
Armor: Leather armour    |    15 |    12 ||    27
Dodge: Dodged            |    20 |    45 ||    65
Block: Kite shield       |    11 |    38 ||    49

Table legend:
 A = Non-vault XP
 B = Vault XP
 C = Vault XP percentage of total XP
 D = Non-vault monster count
 E = Vault monster count
 F = Vault count percentage of total count
                 A         B        C        D         E       F
            +---------+---------+-------+---------+---------+-------
      Total |     211 |      42 |  16.6 |      51 |       3 |   5.6
            +---------+---------+-------+---------+---------+-------
        D:1 |      27 |       0 |   0.0 |      17 |       0 |   0.0
        D:2 |      68 |      37 |  35.2 |      19 |       1 |   5.0
        D:3 |     116 |       5 |   4.1 |      15 |       2 |  11.8
            +---------+---------+-------+---------+---------+-------
